 Dungeon Crawl Stone Soup version 0.21-a0-349-g0c35859 (webtiles) character file.

523 vishdafish the Chopper (level 7, -4/54 HPs)
             Began as a Demonspawn Fighter on Oct 7, 2017.
             Was an Initiate of Qazlal.
             Slain by an orc
             ... wielding a +0 flail
              (6 damage)
             ... on level 4 of the Dungeon.
             The game lasted 00:04:19 (2986 turns).

vishdafish the Chopper (Demonspawn Fighter)         Turns: 2986, Time: 00:04:20

Health: -4/54      AC:  9    Str: 17    XL:     7   Next: 2%
Magic:  7/7        EV:  5    Int: 11    God:    Qazlal [......]
Gold:   220        SH:  9    Dex: 12    Spells: 6/6 levels left

rFire    + . .     SeeInvis +   a - +0 war axe
rCold    + . .     Gourm    .   c - +0 shield
rNeg     . . .     Faith    .   d - +0 chain mail
rPois    .         Spirit   .   (no helmet)
rElec    .         Reflect  .   v - scarf {rC+ rF+}
rCorr    .         Harm     .   (no gloves)
MR       .....                  (no boots)
Stlth    ..........             (no amulet)
HPRegen  0.18/turn              e - ring of see invisible
MPRegen  0.10/turn              (no ring)

@: no status effects
A: talons 1
a: Renounce Religion


You were on level 4 of the Dungeon.
You worshipped Qazlal.
Qazlal was noncommittal.
You were hungry.

You visited 2 branches of the dungeon, and saw 5 of its levels.

You collected 220 gold pieces.

Inventory:

Hand Weapons
 a - a +0 war axe (weapon)
 o - a +1 flail of protection
Armour
 b - a +0 scale mail
 c - a +0 shield (worn)
 d - a +0 chain mail (worn)
 v - a scarf of resistance (worn)
Jewellery
 e - a ring of see invisible (left hand)
Wands
 w - a wand of digging (8/24)
Scrolls
 j - 4 scrolls of identify {unknown}
 l - 5 scrolls of enchant armour {unknown}
 n - a scroll of teleportation {unknown}
 s - a scroll of amnesia {unknown}
 t - a scroll of fear {unknown}
 x - a scroll of remove curse {unknown}
 y - a scroll of blinking {unknown}
Potions
 g - a potion of degeneration {unknown}
 h - a potion of curing {unknown}
 i - a potion of cancellation {unknown}
 k - 2 potions of mutation {unknown}
 m - 3 potions of flight {unknown}
 p - a potion of brilliance {unknown}
 r - a potion of lignification {unknown}
 u - a potion of heal wounds {unknown}
Comestibles
 f - 2 bread rations


   Skills:
 + Level 4.1 Fighting
 * Level 4.3 Axes
 + Level 3.8 Armour
 + Level 2.4 Dodging
 + Level 3.8 Shields


You had 6 spell levels left.
You didn't know any spells.

Dungeon Overview and Level Annotations

Branches:
Dungeon (4/15)             Temple (1/1) D:4

Altars:
Dithmenos
Elyvilon
Fedhas
Hepliaklqana
Kikubaaqudgha
Okawaru
Qazlal
Sif Muna
Trog
Uskayaw
Vehumet
Wu Jian
Xom
Yredelemnul
Zin

Annotations:
D:2 Sigmund


Innate Abilities, Weirdness & Mutations

You have sharp toenails.


Message History

You block the orc's attack.
You hit the orc. Your kick misses the orc.
The orc is lightly wounded.
You closely miss the orc. The orc hits you but does no damage.
You block the orc's attack.
You hit the orc but do no damage. You claw the orc.
The orc is almost dead.
You closely miss the orc. The orc hits you with a hand axe.
* * * LOW HITPOINT WARNING * * *
The orc hits you with a flail.
* * * LOW HITPOINT WARNING * * *
The orc hits you with a hand axe.
* * * LOW HITPOINT WARNING * * *
Okay, then.
You hit the orc. You claw the orc.
You kill the orc!
Qazlal accepts your kill.
You closely miss the orc. You block the orc's attack.
The orc hits you with a flail.
You die...

##...#.#.##. ...#
#......#.... ..#
##.###.#.#..#....
..#
..................
###.###.....>#.#.#.
#..........#.#.#.#
#####....).#.# #
##...#.#o#.#.##.
##.##.)@)......
#...#####.#.###
#...> .. #.... ...
#.## ... #. ##


You could see an orc.

Vanquished Creatures
  Grinder (D:3)
  A centaur (D:2)
  3 orc wizards (D:4)
  Terence (D:2)
  4 adders
  4 oozes (D:1)
  4 dart slugs
  A leopard gecko (D:1)
  5 orcs (D:4)
  7 giant cockroaches
  7 goblins
  4 hobgoblins
  10 jackals
  2 kobolds
  A quokka (D:2)
  A ball python (D:1)
  8 bats
  2 frilled lizards
  A jackal skeleton (D:4)
  9 rats
76 creatures vanquished.

Notes
Turn   | Place    | Note
-------+----------+-------------------------------------------
     0 | D:1      | vishdafish the Demonspawn Fighter began the quest for the Orb.
     0 | D:1      | Reached XP level 1. HP: 18/18 MP: 1/1
    54 | D:1      | Gained mutation: You have sharp toenails. [demonic ancestry]
    54 | D:1      | Reached XP level 2. HP: 21/24 MP: 2/2
   317 | D:1      | Reached XP level 3. HP: 16/29 MP: 3/3
   397 | D:1      | Reached skill level 1 in Dodging
   693 | D:2      | Noticed Terence
   720 | D:2      | Killed Terence
   720 | D:2      | Reached XP level 4. HP: 9/35 MP: 4/4
   989 | D:2      | Found a white marble altar of Elyvilon.
  1108 | D:2      | Found a radiant altar of Vehumet.
  1123 | D:2      | Noticed a centaur
  1157 | D:2      | Killed a centaur
  1157 | D:2      | Reached XP level 5. HP: 7/41 MP: 5/5
  1552 | D:2      | Noticed Sigmund
  1734 | D:3      | Noticed Grinder
  1744 | D:3      | Paralysed by Grinder for 3 turns
  1756 | D:3      | Killed Grinder
  1756 | D:3      | Reached XP level 6. HP: 17/48 MP: 6/6
  2620 | D:4      | Found a staircase to the Ecumenical Temple.
  2633 | Temple   | Entered the Ecumenical Temple
  2896 | Temple   | Became a worshipper of Qazlal Stormbringer
  2983 | D:4      | Reached XP level 7. HP: 17/54 MP: 7/7
  2985 | D:4      | HP: 1/54 [orc/hand axe (3)]
  2986 | D:4      | Slain by an orc

Vault maps used:
D:1:      dpeg_arrival_connections, minmay_curled_crystal
D:2:      elyvilon_altar_4, overflow_temple_1_default, kennysheep_flooded_box,
          uniq_terence, uniq_sigmund
D:3:      serial_glass, glass_columns_a, glass_columns_a, glass_columns_a,
          glass_columns_b, glass_columns_b, glass_columns_a,
          kennysheep_generic_room_8, uniq_grinder
D:4:      cheibriados_altar_1, kennysheep_little_box, minmay_temple_entry_trees,
          saegor_snake_ambush
Temple:   oiseaux_autumnal_temple

Skill      XL: |  1  2  3  4  5 |
---------------+----------------+-----
Axes           | 2 3 4 |  4.3
Dodging        | 1 2 |  2.4
Armour         | 3 |  3.8
Shields        | 3 |  3.8
Fighting       | 4 |  4.1

Action                   |  1- 3 |  4- 6 |  7- 9 || total
-------------------------+-------+-------+-------++-------
Melee: War axe           |    92 |   135 |     3 ||   230
       Kick              |    16 |    28 |     2 ||    46
  Use: Potion            |     1 |       |       ||     1
  Eat: Bread ration      |       |     1 |       ||     1
       Royal jelly       |       |     1 |       ||     1
Armor: Scale mail        |    63 |       |       ||    63
       Chain mail        |       |   107 |     1 ||   108
Dodge: Dodged            |    40 |    40 |       ||    80
Block: Shield            |    60 |    94 |     3 ||   157

Table legend:
 A = Spawn XP
 B = Non-spawn XP
 C = Spawn XP percentage of total XP
 D = Spawn monster count
 E = Non-spawn monster count
 F = Spawn count percentage of total count
 G = Total turns spent on level
                    A         B        C        D         E        F      G
               +---------+---------+-------+---------+---------+-------+---------
         Total |       0 |     748 |   0.0 |       0 |      76 |   0.0 |  2986
               +---------+---------+-------+---------+---------+-------+---------
           D:1 |       0 |      71 |   0.0 |       0 |      28 |   0.0 |   660
           D:2 |       0 |     225 |   0.0 |       0 |      28 |   0.0 |   911
           D:3 |       0 |     309 |   0.0 |       0 |       7 |   0.0 |  1033
           D:4 |       0 |     143 |   0.0 |       0 |      13 |   0.0 |    80
               +---------+---------+-------+---------+---------+-------+---------
